 Dungeon Crawl Stone Soup version 0.19-a0-1065-gdac414d (webtiles) character file.

134 zxpr0jk the Chiller (level 4, 0/33 HPs)
             Began as a Draconian Ice Elementalist on Aug 3, 2016.
             Killed from afar by Sigmund (7 damage)
             ... with a puff of flame
             ... on level 2 of the Dungeon.
             The game lasted 00:06:55 (2305 turns).

zxpr0jk the Chiller (Draconian Ice Elementalist)    Turns: 2305, Time: 00:06:56

Health: 0/33       AC:  5    Str: 11    XL:     4   Next: 95%
Magic:  8/8        EV: 11    Int: 15    God:
Gold:   65         SH:  4    Dex: 12    Spells: 1 memorised, 7 levels left

rFire  . . .     SeeInvis .     s - +0 hand axe
rCold  . . .     Gourm    .     (armour unavailable)
rNeg   . . .     Faith    .     r - +1 buckler
rPois  .         Spirit   .     (helmet restricted)
rElec  .         Dismiss  .     (no cloak)
rCorr  .         Reflect  .     (no gloves)
SustAt .         Harm     .     (no boots)
MR     .....                    (no amulet)
Stlth  ++........               (no ring)
                                (no ring)

@:
A: unfitting armour, cold-blooded, AC +5
a: no special abilities


You were on level 2 of the Dungeon.
You were not hungry.

You visited 1 branch of the dungeon, and saw 2 of its levels.

You collected 65 gold pieces.

Inventory:

Hand Weapons
 p - a +0 short sword
 s - a +0 hand axe (weapon)
Missiles
 m - 19 sling bullets
 w - 11 poisoned needles
Armour
 r - a +1 buckler (worn)
Jewellery
 y - an uncursed amulet of guardian spirit
Scrolls
 o - 2 scrolls of identify
 q - 3 scrolls of immolation
Potions
 j - 2 potions of brilliance
Books
 a - a book of Frost

   Spells                             Type                      Level
   a - Freeze                         Ice                          1
   b - Throw Frost                    Conjuration/Ice              2
   c - Ozocubu's Armour               Charms/Ice                   3
   d - Throw Icicle                   Conjuration/Ice              4
   e - Summon Ice Beast               Ice/Summoning                4
Comestibles
 b - 2 bread rations
 g - a meat ration
 n - a beef jerky
 x - 7 chunks of flesh


   Skills:
 - Level 1.7 Dodging
 - Level 1.7 Stealth
 - Level 1.3 Shields
 + Level 2.8 Spellcasting
   Level 1.0 Conjurations
 * Level 4.9 Ice Magic


You had 7 spell levels left.
You knew the following spells:

 Your Spells              Type           Power        Failure   Level  Hunger
a - Freeze                Ice            ###.         4%          1    #......


Dungeon Overview and Level Annotations

Branches:
Dungeon (2/15)

Altars:

Annotations:
D:2 Sigmund


Innate Abilities, Weirdness & Mutations

Your plain brown scales are hard. (AC +5)
Your body does not fit into most forms of armour.
You are cold-blooded and may be slowed by cold attacks.


Message History

A magic dart appears from out of thin air!
The magic dart hits you!
You feel a little less mighty now.
As you read the scroll labeled FAXAUFFA RYFU, it crumbles to dust.
You hear a loud clanging noise!
It was a scroll of noise.
As you read the scroll labeled PUMYOD PEYKEM, it crumbles to dust.
Your +0 hand axe glows faint mauve for a moment.
It was a scroll of random uselessness.
Something hits you but does no damage.
Okay, then.
Unknown command.
You hear some strange, mumbled words.
You are confused.
You bump into the rock wall.
You bump into the rock wall.
Something hits you.
* * * LOW HITPOINT WARNING * * *
You feel less confused.
A puff of flame appears from out of thin air!
The puff of flame hits you!
You die...

############## #÷............
#.#####.###### #.# #.### # #.#
#...# # #################.#
#.#.####
#............@....#####)#.....
#.##############......))######
#.# #.#.#.......... #.#
#.#.########### ##.## #.#.#
#...# #.#.# #...# #.#.# #..†#
##.#.# ##.## ######.#..#


There were no monsters in sight!

Vanquished Creatures
  Robin (D:2)
  4 gnolls (D:2)
  3 adders (D:2)
  An ooze (D:1)
  A dart slug (D:1)
  3 giant geckos
  A ball python (D:1)
  6 bats
  2 giant cockroaches
  12 goblins
  6 hobgoblins
  A kobold (D:1)
  8 rats
49 creatures vanquished.

Notes
Turn   | Place    | Note
-------+----------+-------------------------------------------
     0 | D:1      | zxpr0jk the Draconian Ice Elementalist began the quest for the Orb.
     0 | D:1      | Reached XP level 1. HP: 14/14 MP: 3/3
   276 | D:1      | Reached XP level 2. HP: 11/20 MP: 5/5
   475 | D:1      | HP: 1/20 [dart slug (2)]
  1125 | D:1      | Reached XP level 3. HP: 26/26 MP: 4/6
  1635 | D:2      | Noticed Robin
  1662 | D:2      | Reached skill level 1 in Shields
  1694 | D:2      | Reached skill level 4 in Ice Magic
  1761 | D:2      | Killed Robin
  2065 | D:2      | Reached XP level 4. HP: 28/33 MP: 3/7
  2228 | D:2      | Noticed Sigmund
  2305 | D:2      | Killed from afar by Sigmund

Vault maps used:
D:1:      dpeg_arrival_erosion
D:2:      uniq_robin, uniq_sigmund

Skill      XL: |  1  2  3 |
---------------+----------+-----
Shields        | 1 |  1.3
Ice Magic      | 4 |  4.9
Dodging        | |  1.7
Stealth        | |  1.7
Spellcasting   | |  2.8
Conjurations   | |  1.0

Action                   |  1- 3 |  4- 6 || total
-------------------------+-------+-------++-------
Melee: Whip              |    18 |       ||    18
       Tailslap          |     4 |     5 ||     9
       Short sword       |    15 |       ||    15
       Hand axe          |    51 |    24 ||    75
Throw: Stone             |    10 |    15 ||    25
 Cast: Freeze            |    40 |     7 ||    47
  Use: Potion            |     2 |     5 ||     7
       Scroll            |       |     7 ||     7
 Stab: Sleeping          |     4 |       ||     4
  Eat: Chunk             |     4 |     1 ||     5
Armor: Skin              |    39 |    48 ||    87
Dodge: Dodged            |    75 |    20 ||    95
Block: Buckler           |     9 |     8 ||    17
